 Dungeon Crawl Stone Soup version 0.23.0-2-g0fe3ce5 (webtiles) character file.

Game seed: 11477566454974941363

2776 Fang the Skirmisher (level 9, -6/59 HPs)
             Began as a Gargoyle Berserker on Feb 19, 2019.
             Was an Elder of Trog.
             Engulfed by a cloud of flame (11 damage)
             ... on level 7 of the Dungeon.
             The game lasted 00:11:19 (5991 turns).

Fang the Skirmisher (Gargoyle Berserker)            Turns: 5991, Time: 00:11:19

Health: -6/59      AC: 18    Str: 27    XL:     9   Next: 70%
Magic:  9/9        EV: 13    Int:  8    God:    Trog [****..]
Gold:   255        SH:  0    Dex:  9    Spells: 8/8 levels left

rFire    . . .     SeeInvis +   v - +1 war axe
rCold    . . .     Gourm    .   (no shield)
rNeg     + . .     Faith    .   g - +0 ring mail
rPois    ∞         Spirit   .   p - +0 helmet {SInv}
rElec    +         Reflect  .   (no cloak)
rCorr    .         Harm     .   (no gloves)
MR       .....                  (no boots)
Stlth    ..........             u - amulet of magic regeneration
HPRegen  0.19/turn              h - +3 ring of strength
MPRegen  0.36/turn              i - +4 ring of protection

@: very slightly contaminated
A: negative energy resistance 1, electricity resistance, unbreathing,
petrification resistance, rot immunity, AC +6
a: Berserk, Trog's Hand, Brothers in Arms, Renounce Religion


You were on level 7 of the Dungeon.
You worshipped Trog.
Trog was greatly pleased with you.
You were not hungry.

You visited 2 branches of the dungeon, and saw 8 of its levels.

You collected 255 gold pieces.

Inventory:

Hand Weapons
 v - a +1 war axe (weapon)
Armour
 g - a +0 ring mail (worn)
 p - a +0 helmet of see invisible (worn)
Jewellery
 b - an uncursed ring of positive energy
 h - a +3 ring of strength (left hand)
 i - a +4 ring of protection (right hand)
 o - a +1 ring of protection
 u - an amulet of magic regeneration (around neck)
 y - a +3 ring of strength
 z - a +3 ring of evasion {unknown}
 B - a +3 ring of strength
 E - an uncursed ring of ice {unknown}
 F - an uncursed ring of fire {unknown}
Wands
 a - a wand of acid (11)
 q - a wand of flame (17)
 G - a wand of digging (5)
Scrolls
 d - 4 scrolls of identify
 f - 4 scrolls of teleportation
 j - a scroll of fog
 k - 3 scrolls of enchant weapon
 m - 5 scrolls of remove curse
 n - a scroll of noise
 r - 3 scrolls of amnesia
 t - a scroll of blinking
 A - a scroll of immolation
Potions
 e - 5 potions of curing {unknown}
 l - a potion of flight {unknown}
 s - a potion of agility {unknown}
 w - 2 potions of berserk rage {unknown}
 C - a potion of magic {unknown}
 D - a potion of resistance {unknown}
 I - a potion of haste {unknown}
Comestibles
 c - 12 rations


   Skills:
 + Level 7.9 Fighting
 + Level 6.5 Axes
 + Level 7.4 Armour
 + Level 5.6 Dodging


You had 8 spell levels left.
You didn't know any spells.
Your spell library was empty.

Dungeon Overview and Level Annotations

Branches:
Dungeon (7/15)             Temple (1/1) D:5

Altars:
Dithmenos
Elyvilon
Vehumet
The Shining One

Shops:
D:4 %   D:6 (


Innate Abilities, Weirdness & Mutations

You are resistant to torment.
Your stone body is resilient. (AC +6)
You are immune to poison.
You resist negative energy. (rN+)
You are resistant to electric shocks. (rElec)
You can survive without breathing.
You are immune to petrification.
You are immune to rotting.


Message History

As you read the scroll labeled YNASUH SIRITU, it crumbles to dust.
It was a scroll of blinking.
A quokka comes into view.
Found a scroll of identify.
As you read the scroll labeled SONOEBR SIEQE, it crumbles to dust.
The dust glows mottled gridelin!
It was a scroll of random uselessness.
As you read the scroll labeled TELA HIUSOOM, it crumbles to dust.
The creatures around you are filled with an inner flame!
It was a scroll of immolation.
The quokka barely misses you.
You closely miss the quokka.
The quokka bites you but does no damage.
You slash the quokka!
The quokka explodes!
The fiery explosion engulfs you!!
Ouch! That really hurt!
Trog accepts your kill.
You are engulfed in blazing flames.
* * * LOW HITPOINT WARNING * * *
You are engulfed in blazing flames.
You die...

.#.####. ###.......
..#.....
####+#:#.%..
####......%....
.............#
.....§§......#######
....[§§§............
.....§.@....#######.
............#
............#
..?...###+### ......
...... ...... .....
###+#+###


There were no monsters in sight!

Vanquished Creatures
  Pikel (D:6)
  Menkaure (D:6)
  An orc warrior (D:6)
  4 slaves (D:6)
  A sky beast (D:5)
  2 ice beasts
  5 ogres
  2 centaurs (D:5)
  2 phantoms
  Blork the orc (D:6)
  2 bullfrogs (D:6)
  A howler monkey (D:5)
  A centaur zombie (D:6)
  3 crimson imps
  2 centaur skeletons
  3 orc priests
  2 hounds
  4 orc wizards
  A worker ant (D:5)
  3 iguanas
  A worker ant zombie (D:5)
  10 adders
  7 gnolls
  A howler monkey skeleton (D:4)
  A shadow imp (D:5)
  2 oozes
  6 worms
  3 dart slugs
  5 leopard geckos
  18 orcs
  4 giant cockroaches
  6 goblins
  5 hobgoblins
  8 jackals
  8 kobolds
  5 quokkas
  7 bats
  2 frilled lizards
  A goblin skeleton (D:4)
  A goblin zombie (D:4)
  2 hobgoblin zombies (D:4)
  A jackal skeleton (D:4)
  2 kobold skeletons (D:4)
  A kobold zombie (D:4)
  An orc skeleton (D:4)
  An orc zombie (D:4)
  6 rats
157 creatures vanquished.

Notes
Turn   | Place    | Note
-------+----------+-------------------------------------------
     0 | D:1      | Fang the Gargoyle Berserker began the quest for the Orb.
     0 | D:1      | Reached XP level 1. HP: 14/14 MP: 1/1
    63 | D:1      | Reached XP level 2. HP: 18/19 MP: 2/2
   384 | D:1      | Reached XP level 3. HP: 19/23 MP: 3/3
   670 | D:2      | Reached ** piety under Trog
   828 | D:2      | Reached XP level 4. HP: 12/29 MP: 4/4
  1607 | D:2      | Reached XP level 5. HP: 33/33 MP: 5/5
  2066 | D:3      | Found a shadowy altar of Dithmenos.
  2141 | D:3      | Reached XP level 6. HP: 34/39 MP: 6/6
  2643 | D:4      | Found Udou's Food Boutique.
  2671 | D:4      | Found a glowing golden altar of the Shining One.
  2677 | D:4      | Reached *** piety under Trog
  2852 | D:4      | Reached skill level 5 in Fighting
  3160 | D:4      | Reached XP level 7. HP: 33/44 MP: 7/7
  3526 | D:4      | Found a radiant altar of Vehumet.
  3819 | D:5      | Entered Level 5 of the Dungeon
  3830 | D:5      | Reached skill level 5 in Armour
  4021 | D:5      | Reached XP level 8. HP: 49/51 MP: 8/8
  4063 | D:5      | Reached skill level 5 in Axes
  4102 | D:5      | Reached **** piety under Trog
  4368 | D:5      | Found a staircase to the Ecumenical Temple.
  4397 | Temple   | Entered the Ecumenical Temple
  4685 | D:6      | Found a white marble altar of Elyvilon.
  4688 | D:6      | Noticed Menkaure
  4700 | D:6      | Killed Menkaure
  4700 | D:6      | Reached XP level 9. HP: 36/56 MP: 9/9
  4802 | D:6      | Noticed Pikel
  4830 | D:6      | Killed Pikel
  4830 | D:6      | Reached skill level 5 in Dodging
  5165 | D:6      | Found Lyxzayn's Weapon Emporium.
  5504 | D:6      | Noticed Blork the orc
  5511 | D:6      | Killed Blork the orc
  5991 | D:7      | Engulfed by a cloud of flame

Skill      XL: |  1  2  3  4  5  6  7  8  9 |
---------------+----------------------------+-----
Axes           | 3 4 5 6 |  6.5
Dodging        | 2 3 4 5 |  5.6
Armour         | 3 4 5 6 7 |  7.4
Fighting       | 4 5 6 7 |  7.9

Action                   |  1- 3 |  4- 6 |  7- 9 || total
-------------------------+-------+-------+-------++-------
Melee: Hand axe          |    99 |   224 |    60 ||   383
       War axe           |       |       |   213 ||   213
Invok: Berserk           |     1 |     3 |     5 ||     9
  Use: Scroll            |       |       |     9 ||     9
 Stab: Sleeping          |     1 |       |       ||     1
  Eat: Chunk             |     1 |    10 |    14 ||    25
Armor: Animal skin       |    49 |       |       ||    49
       Ring mail         |       |    94 |   176 ||   270
Dodge: Dodged            |    94 |   146 |   232 ||   472
